 Dungeon Crawl Stone Soup version 0.14-a0-226-gcf818b1 (webtiles) character file.

241 Malachi the Cudgeler (level 5, -2/53 HPs)
             Began as a Troll Berserker on Oct 10, 2013.
             Was a Believer of Trog.
             Slain by an orc
             ... wielding a -1,+0 orcish flail
              (4 damage)
             ... on Level 3 of the Dungeon.
             The game lasted 00:03:03 (1560 turns).

Malachi the Cudgeler (Troll Berserker)              Turns: 1560, Time: 00:03:04

HP  -2/53        AC  5     Str 26      XL: 5   Next: 13%
MP   1/1         EV 10     Int  3      God: Trog [**....]
Gold 87          SH  0     Dex  9      Spells:  0 memorised,  4 levels left

Res.Fire  : . . .   See Invis. : .   a - +0 mace
Res.Cold  : . . .   Warding    : .   b - +0 animal skin
Life Prot.: . . .   Conserve   : .   (shield restricted)
Res.Poison: .       Res.Corr.  : .   (helmet restricted)
Res.Elec. : .       Clarity    : .   (no cloak)
Sust.Abil.: . .     Spirit.Shd : .   (gloves unavailable)
Res.Mut.  : .       Stasis     : .   (boots unavailable)
Res.Rott. : .       Flight     : .   (no amulet)
Gourmand  : +                        (no ring)
                                     (no ring)

@: exhausted, slowed, very slow, slightly resistant to hostile enchantments,
very unstealthy
A: unfitting armour, claws 3, fast metabolism 3, gourmand, regeneration 2,
saprovore 2, tough skin 2, AC +1
a: Burn Spellbooks, Berserk, Trog's Hand, Renounce Religion


You were on level 3 of the Dungeon.
You worshipped Trog.
Trog was pleased with you.
You were not hungry.

You visited 1 branch of the dungeon, and saw 3 of its levels.

You collected 67 gold pieces.

Inventory:

Hand weapons
 a - a +0,+0 mace (weapon)
Armour
 b - a +0 animal skin (worn)
Magical devices
 q - a wand of enslavement (12)
Comestibles
 c - 2 meat rations
 d - a choko
 h - a slice of pizza
 r - a bread ration
Scrolls
 f - a scroll of blinking {unknown}
 i - a scroll of fear {unknown}
 j - a scroll of remove curse {unknown}
 k - 2 scrolls of identify {unknown}
 m - a scroll of curse armour {unknown}
 o - a scroll of enchant weapon I {unknown}
 p - a scroll of teleportation {unknown}
 t - a scroll of random uselessness {unknown}
Jewellery
 s - an uncursed ring of wizardry {unknown}
Potions
 e - a potion of heal wounds
 g - a potion of brilliance {unknown}
 l - a potion of confusion {unknown}


   Skills:
 - Level 2.4 Fighting
 * Level 5.3 Maces & Flails
 - Level 2.6 Dodging
 + Level 0.1 Stealth
 + Level 0.1 Evocations


You had 4 spell levels left.
You didn't know any spells.

Dungeon Overview and Level Annotations

Branches:
Dungeon (3/27)

Altars:
Trog
the Shining One


Innate Abilities, Weirdness & Mutations

You are too large for most types of armour.
You have claws for hands.
Your metabolism is lightning-fast.
You like to eat raw meat.
You heal very quickly.
You can eat rotten meat.
You are covered in fur (AC +1).
You have very tough skin (AC +2).


Message History

The orc hits you with an orcish flail. The orc wizard casts a spell at you.
The magic dart hits you!
You hit the orc wizard.
The orc wizard is severely wounded.
The orc wizard casts a spell.
The orc wizard blinks!
It completely misses you. The orc hits you with an orcish flail!
The orc wizard gestures at you while chanting.
The magic dart hits you!
* * * LOW HITPOINT WARNING * * *
It hits you but does no damage. The orc wizard casts a spell at you.
The magic dart hits you!
* * * LOW HITPOINT WARNING * * *
The orc wizard points at you and mumbles some strange words.
The magic dart hits you!
* * * LOW HITPOINT WARNING * * *
The orc hits you with an orcish flail.
You die...

###########
#<@o...>...#
#).........#
#..%)......#
#..........
#..........
#.o........
#.........
#........
#.......


You could see an orc wizard and an orc.

Vanquished Creatures
  An orc priest (D:3)
  An orc wizard (D:3)
  Ijyb (D:2)
  3 adders (D:2)
  A worm (D:2)
  2 giant geckos (D:2)
  5 bats
  4 giant cockroaches
  5 goblins
  7 hobgoblins
  6 kobolds
  A quokka (D:2)
  6 rats
43 creatures vanquished.

Notes
Turn   | Place    | Note
--------------------------------------------------------------
     0 | D:1      | Malachi, the Troll Berserker, began the quest for the Orb.
     0 | D:1      | Reached XP level 1. HP: 23/23 MP: 0/0
    55 | D:1      | Reached skill level 3 in Maces & Flails
   115 | D:1      | Reached XP level 2. HP: 31/31 MP: 0/0
   542 | D:2      | Acquired Trog's second power
   608 | D:2      | Reached XP level 3. HP: 31/37 MP: 1/1
   641 | D:2      | Found a bloodstained altar of Trog.
   754 | D:2      | Reached skill level 4 in Maces & Flails
   966 | D:2      | Found a glowing golden altar of the Shining One.
  1099 | D:2      | Noticed Ijyb
  1113 | D:2      | Killed Ijyb
  1113 | D:2      | Reached XP level 4. HP: 44/46 MP: 1/1
  1550 | D:3      | Reached skill level 5 in Maces & Flails
  1552 | D:3      | Reached XP level 5. HP: 48/53 MP: 1/1
  1560 | D:3      | HP: 2/53 [orc wizard/magic dart (5)]
  1560 | D:3      | Slain by an orc

Action                   |  1- 3 |  4- 6 || total
-------------------------+-------+-------++-------
Melee: Mace              |   137 |    55 ||   192
Invok: Berserk           |       |     1 ||     1
Evoke: Wand              |       |     2 ||     2
  Use: Potion            |       |     1 ||     1
